 Dungeon Crawl Stone Soup version 0.22-b1-26-g9dbaab1 (webtiles) character file.

124 Lilu the Conjurer (level 4, -9/24 HPs)
             Began as a Deep Elf Conjurer on Aug 8, 2018.
             Killed by divine providence
             ... invoked by an orc priest
              (17 damage)
             ... on level 3 of the Dungeon.
             The game lasted 00:05:11 (1873 turns).

Lilu the Conjurer (Deep Elf Conjurer)               Turns: 1873, Time: 00:05:12

Health: -9/24      AC:  3    Str:  6    XL:     4   Next: 81%
Magic:  7/10       EV: 17    Int: 20    God:
Gold:   75         SH:  0    Dex: 15    Spells: 2/9 levels left

rFire    . . .     SeeInvis .   g - +2 short sword (venom)
rCold    . . .     Gourm    .   (no shield)
rNeg     . . .     Faith    .   a - +0 robe
rPois    .         Spirit   .   m - +0 helmet
rElec    .         Reflect  .   (no cloak)
rCorr    .         Harm     .   (no gloves)
MR       .....                  (no boots)
Stlth    ++........             h - amulet of regeneration
HPRegen  0.48/turn              b - +4 ring of evasion
MPRegen  0.12/turn              (no ring)

@: no status effects
A: no striking features
a: no special abilities


You were on level 3 of the Dungeon.
You were not hungry.

You visited 1 branch of the dungeon, and saw 3 of its levels.

You collected 75 gold pieces.

Inventory:

Hand Weapons
 g - a +2 short sword of venom (weapon)
Missiles
 k - 83 arrows
Armour
 a - a +0 robe (worn)
 m - a +0 helmet (worn)
Jewellery
 b - a +4 ring of evasion (left hand)
 h - an amulet of regeneration (around neck)
Scrolls
 d - 2 scrolls of remove curse {unknown}
 f - 2 scrolls of identify {unknown}
 j - 2 scrolls of teleportation {unknown}
 o - a scroll of amnesia {unknown}
 r - a scroll of random uselessness {unknown}
 u - 3 scrolls of fear {unknown}
Potions
 e - 2 potions of agility {unknown}
 i - a potion of flight {unknown}
 l - a potion of lignification {unknown}
 n - a potion of curing {unknown}
 p - a potion of might {unknown}
 q - 2 potions of resistance {unknown}
 t - a potion of degeneration {unknown}
Comestibles
 c - a ration
 s - 9 chunks of flesh


   Skills:
 - Level 2.4 Dodging
 - Level 2.5 Stealth
 - Level 3.0 Spellcasting
 + Level 6.7 Conjurations


You had 2 spell levels left.
You knew the following spells:

 Your Spells              Type           Power        Failure   Level  Hunger
a - Magic Dart            Conj           ####         1%          1    None
b - Searing Ray           Conj           ####..       1%          2    ##.....
c - Iskenderun's Mystic   Conj           ####....     9%          4    ####...

Your spell library contained the following spells:

 Spells                   Type           Power        Failure   Level  Hunger
 Fulminant Prism          Conj/Hex       ###.......   34%         4    ####...
 Dazzling Spray           Conj/Hex       ###...       11%         3    ###....
 Force Lance              Conj/Tloc      ###.....     34%         4    ####...


Dungeon Overview and Level Annotations

Branches:
Dungeon (3/15)

Altars:
Cheibriados


Message History

Aiming: Searing Ray (safe; 1% risk of failure)
Press: ? - help, Shift-Dir - straight line, f - orc priest
Aim: an orc priest The searing ray hits the orc priest.
The orc priest is moderately wounded. (Press . to maintain the ray.)
An orc comes into view. It is wielding a club.
The orc wizard mumbles some strange words.
The orc wizard seems to speed up.
The orc shouts!
The searing ray hits the orc priest.
The orc priest is almost dead.
You hear a shout!
The orc wizard gestures wildly while chanting.
The orc wizard flickers and vanishes!
Deactivating autopickup; reactivate with Ctrl-A.
The orc priest calls down the wrath of Beogh upon you.
Beogh smites you!
Ouch! That really hurt!
You die...

..# ########.# ###
.........#
########.# #...#
#.### #.# #.#
############# #.#
.......@o.{.## #.#
.####.####...#.#.#
#.......o..#.#
...####..###...###.#
.........# ##.## #.#
#.####.## #.# #.#
#.# #.# #.#
#.####.#####.####.#
#.................#


You could see an orc priest and an orc.

Vanquished Creatures
  2 orc wizards (D:3)
  An adder (D:3)
  A worm (D:2)
  2 leopard geckos
  4 orcs (D:3)
  2 giant cockroaches
  2 goblins (D:2)
  11 hobgoblins
  5 kobolds
  2 quokkas
  A ball python (D:2)
  7 bats
  2 frilled lizards
  6 rats
48 creatures vanquished.

Notes
Turn   | Place    | Note
-------+----------+-------------------------------------------
     0 | D:1      | Lilu the Deep Elf Conjurer began the quest for the Orb.
     0 | D:1      | Reached XP level 1. HP: 10/10 MP: 6/6
   124 | D:1      | Reached XP level 2. HP: 15/15 MP: 1/8
   187 | D:1      | Learned a level 2 spell: Searing Ray
   277 | D:1      | Reached skill level 5 in Conjurations
   757 | D:2      | Reached XP level 3. HP: 16/19 MP: 9/9
  1652 | D:3      | Found a snail-covered altar of Cheibriados.
  1677 | D:3      | Reached skill level 6 in Conjurations
  1677 | D:3      | Reached XP level 4. HP: 23/24 MP: 10/10
  1801 | D:3      | Learned a level 4 spell: Iskenderun's Mystic Blast
  1873 | D:3      | Killed from afar by an orc priest

Skill      XL: |  1  2  3 |
---------------+----------+-----
Conjurations   | 5 6 |  6.7
Dodging        | |  2.4
Stealth        | |  2.5
Spellcasting   | |  3.0

Action                   |  1- 3 |  4- 6 || total
-------------------------+-------+-------++-------
Melee: Short sword       |    69 |    33 ||   102
 Cast: Magic Dart        |    20 |     3 ||    23
       Searing Ray       |       |     1 ||     1
 Stab: Sleeping          |     7 |     2 ||     9
  Eat: Chunk             |     2 |     1 ||     3
Armor: Robe              |     8 |     2 ||    10
Dodge: Dodged            |    64 |    16 ||    80
